Map: 이페머론 - 래더

Players

Zest - Winner!

  • Race: Protoss Protoss
  • League: Master
  • Spawn Location: 11:00

llllllllllll (Trap)

  • Race: Protoss Protoss
  • League: Master
  • Spawn Location: 5:00

Event: HomeStory Cup XX

VOD

Have the link to the VOD?

Description

Time

  • Played on: Nov. 23, 2019, 9:20 a.m.
  • Length: 4:42

All games in this series

Show
View Real Time Build Order
Export as new Build Order

Zest Protoss - Winner!

Build Orders:  

Get SALT Encoding   

  12  0:00  Probe  
  13  0:12  Probe  
  14  0:17  Pylon  
  14  0:24  Probe  
  15  0:32  Probe  
  15  0:36  Gateway  
  15  0:40  Probe  
  16  0:46  Assimilator  
  17  0:51  Probe  
  18  0:59  Probe  
  18  1:03  Assimilator  
  19  1:07  Probe  
  19  1:08  Gateway  
  19  1:17  Probe  
  20  1:24  Cybernetics Core  
  21  1:29  Probe  
  22  1:37  Pylon  
  22  1:41  Probe  
  23  2:00  Robotics Facility  
  24  2:02  Adept  
  24  2:03  Adept  
  24  2:05  Warp Gate  
  27  2:13  Pylon  
  27  2:32  Stalker x2  
  27  2:37  Immortal  
  34  3:01  Pylon  
  34  3:06  Warp Prism  
  34  3:07  Sentry  
  38  3:26  Gateway  
  34  3:42  Immortal  
  38  4:00  Stalker  
  38  4:01  Stalker  
  42  4:05  Probe  
  41  4:24  Stalker x2  
Show
View Real Time Build Order
Export as new Build Order

llllllllllll Protoss 

Build Orders: Phoenix Opening 

Get SALT Encoding   

  12  0:00  Probe  
  13  0:12  Probe  
  14  0:17  Pylon  
  14  0:24  Probe  
  15  0:32  Probe  
  15  0:37  Gateway  
  15  0:40  Probe  
  17  0:51  Probe  
  17  0:53  Assimilator  
  18  0:57  Assimilator  
  18  1:00  Probe  
  19  1:07  Gateway  
  19  1:08  Probe  
  19  1:17  Probe  
  20  1:24  Cybernetics Core  
  21  1:29  Probe  
  22  1:32  Pylon  
  22  1:41  Probe  
  23  1:53  Probe  
  24  2:00  Stalker, Sentry  
  28  2:02  Warp Gate  
  28  2:09  Pylon  
  28  2:25  Pylon  
  28  2:27  Stalker  
  30  2:30  Stalker  
  32  2:38  Phoenix  
  32  2:49  Nexus  
  32  2:57  Sentry  
  34  3:01  Shield Battery  
  34  3:02  Sentry  
  36  3:16  Pylon  
  36  3:17  Robotics Facility  
  29  3:38  Shield Battery x2  
  26  3:41  Pylon  
  23  3:50  Stalker x2  
  23  3:54  Immortal  
  24  4:06  Pylon  
  28  4:10  Probe  
  29  4:17  Stalker  
Tags
 
Add a new tag
Caveats
  • Supply blocks, unpowered buildings, or Contaminate may cause inaccurate times.
  • Supply counts are checked every 10 seconds.